 Dungeon Sprint DCSS version 0.31-a0-986-g5e6e4ef867 (webtiles) character file.

Game seed: 6399148554308498958

1442 dialectric the Imperceptible (level 8, -4/44 HPs)
             Began as a Spriggan Brigand on Nov 7, 2023.
             Succumbed to barbed spike wounds
             ... in the Dungeon (Sprint II: "The Violet Keep of Menkaure").
             The game lasted 00:03:54 (340 turns).

dialectric the Imperceptible (Spriggan Brigand)      Turns: 340, Time: 00:03:55

Health: -4/44      AC:  3    Str:  7    XL:     8   Next: 46%
Magic:  9/9        EV: 21    Int: 13    God:
Gold:   428        SH:  0    Dex: 18    Spells: 7/7 levels left

rFire   . . .        j - +1 rapier of Due Proportion {drain, rCorr}
rCold   . . .        (no shield)
rNeg    . . .        b - +0 robe
rPois   .            (helmet restricted)
rElec   .            c - +0 cloak
rCorr   +            (gloves unavailable)
SInv    +            (boots unavailable)
Will    +....        (no amulet)
Stlth   ++++++++     (no ring)
HPRegen 0.27/turn    (no ring)
MPRegen 0.11/turn

%: no teleportation
@: spiked, very quick
A: very small, no large weapons, unfitting armour, see invisible, speed 3
a: no special abilities


You were in the Dungeon.
You visited 1 branch You collected 810 gold pieces.
You spent 382 gold pieces at shops.

Inventory:

Hand Weapons
 a - a +2 dagger
 j - the +1 rapier of Due Proportion (weapon) {drain, rCorr}
   (You bought it in a shop in the Dungeon)

   rCorr:     It protects you from acid and corrosion.
Missiles
 d - 9 poisoned darts
 e - 3 curare-tipped darts (quivered)
Armour
 b - a +0 robe (worn)
 c - a +0 cloak (worn)
Wands
 l - a wand of polymorph (3)
Scrolls
 k - a scroll of blinking
Potions
 f - a potion of curing
 g - a potion of invisibility
 h - a potion of haste
 i - 2 potions of magic


   Skills:
 + Level 5.4 Fighting
 + Level 8.8 Short Blades
 - Level 3.0 Throwing
 + Level 6.7 Dodging
 + Level 22.7 Stealth


You had 7 spell levels left.
You didn't know any spells.
Your spell library was empty.

Dungeon Overview and Level Annotations

Branches:
Dungeon (1/1)

Altars:
Cheibriados
Dithmenos
Elyvilon
Fedhas
Gozag
Kikubaaqudgha
Makhleb
Nemelex Xobeh
Okawaru
Sif Muna
Trog
Uskayaw
Vehumet
Zin
Jiyva
Lugonu

Shops:
D !:(==[*=:[?!=!:

Annotations:
D exclusion: oklob plant


Innate Abilities, Weirdness & Mutations

You are very small and have problems with some larger weapons.
You are too small for most types of armour.
You have supernaturally acute eyesight. (SInv)
You cover ground extremely quickly. (Speed+++)


Message History

You start resting.
The walls and floor vibrate strangely for a moment.
You open the door.
A swamp drake comes into view.
There is an open door here.
A death drake comes into view.
Found three altars.
A yaktaur, a hornet and a polar bear come into view.
Found 81 gold pieces.
The yaktaur shouts!
You hear an angry growl.
The polar bear growls angrily.
A polar bear comes into view.
The hornet buzzes angrily.
The water moccasin hisses angrily.
You hit the polar bear but do no damage.
You drain the polar bear.
The polar bear is lightly wounded.
A polar bear comes into view.
A swamp drake comes into view.
The manticore is engulfed in a cloud of scalding steam.
The manticore flicks its tail.
The volley of spikes hits you!
The barbed spikes become lodged in your body.
The swamp drake moves out of view.
You enter the shallow water.
Moving in this stuff is going to be slow.
The barbed spikes dig painfully into your body as you move.
The water moccasin barely misses you.
The barbed spikes dig painfully into your body as you move.
The water moccasin bites you!
The water moccasin completely misses you.
The barbed spikes dig painfully into your body as you move.
The manticore flicks its tail.
The volley of spikes misses you.
The barbed spikes dig painfully into your body as you move.
* * * LOW HITPOINT WARNING * * *
The manticore misses you. The manticore closely misses you.
The manticore completely misses you.
The barbed spikes dig painfully into your body as you move.
* * * LOW HITPOINT WARNING * * *
The barbed spikes dig painfully into your body as you move.
You die...

##~~#+++# ...# ## #~~~.... ..
..# k# #~~~~.# .. ####.# k#
#~~~~## ###.####.$'.##.#
#~~~~#3##33 ...# #.H.# ## #~~###
3$. ###..#####..# c# #~##.#
#+###.##..#†.'^.# .#
#~#..###.##...#..#†.#..# .#
'~'##.†.<.'##.'.@####..##c#
#~#.†###.##...#....###..h##▓▓
#~##.# #†###.##....S.~h~~~~~~~~~
#~~####.#.####~~.H...~#H########
##~~~#.###†#~~~~~~~§.~#....._._#
#'#~## ##~§§§§~§~.~#...._._.#
##†#~~# #~~§≈≈≈~~~~~#..._._._#
.### ~~~ ~~~~§~≈§§§§§~#.._._._.#
~ ++#+++#~§≈≈≈≈§§§#._._._._#


You could see 2 manticores and a water moccasin.

Vanquished Creatures
  5 wyverns (D)
  A vampire mosquito (D)
  Menkaure (D)
  A water moccasin (D)
  4 scorpions (D)
  4 necrophages (D)
16 creatures vanquished.

Notes
Turn   | Place    | Note
-------+----------+-------------------------------------------
     0 | D        | dialectric the Spriggan Brigand began the quest for the
                  | Orb.
     0 | D        | Reached XP level 1. HP: 10/10 MP: 2/2
     1 | D        | Noticed a scorpion
     1 | D        | Noticed a scorpion
     3 | D        | Noticed a scorpion
     5 | D        | Killed a scorpion
     6 | D        | Reached skill level 11 in Stealth
     6 | D        | Reached XP level 2. HP: 15/15 MP: 3/3
     6 | D        | Reached XP level 3. HP: 18/18 MP: 4/4
     7 | D        | Killed a scorpion
     8 | D        | Reached skill level 13 in Stealth
     8 | D        | Reached XP level 4. HP: 23/23 MP: 5/5
    13 | D        | Killed a scorpion
    14 | D        | Reached skill level 15 in Stealth
    14 | D        | Reached XP level 5. HP: 22/28 MP: 6/6
    21 | D        | Reached skill level 16 in Stealth
    33 | D        | Noticed a neqoxec
    33 | D        | Noticed a neqoxec
    33 | D        | Noticed a neqoxec
    33 | D        | Noticed a neqoxec
    43 | D        | Reached skill level 17 in Stealth
    43 | D        | Reached XP level 6. HP: 28/32 MP: 7/7
    44 | D        | Reached skill level 5 in Short Blades
    44 | D        | Reached skill level 18 in Stealth
    80 | D        | Reached skill level 19 in Stealth
    90 | D        | Noticed a wyvern
    90 | D        | Noticed a wyvern
    93 | D        | Killed a wyvern
    94 | D        | Reached skill level 20 in Stealth
    94 | D        | Reached XP level 7. HP: 12/37 MP: 8/8
   103 | D        | Killed a wyvern
   104 | D        | Reached skill level 5 in Dodging
   115 | D        | Found Daupnes's Jewellery Emporium.
   115 | D        | Found Atitzeah's Book Emporium.
   115 | D        | Found Atammogu's Book Shoppe.
   115 | D        | Found Owohugu's Distillery.
   115 | D        | Found Nuguployr's Distillery.
   115 | D        | Found Kaxyamiq's Jewellery Emporium.
   115 | D        | Found Ruthrabb's Magic Scroll Emporium.
   115 | D        | Found Koivul's Assorted Antiques.
   116 | D        | Found Oseno's Antique Armour Emporium.
   116 | D        | Found Daum's Antique Armour Emporium.
   116 | D        | Found Uproet's Jewellery Shoppe.
   116 | D        | Found Usodilykk's Jewellery Shoppe.
   116 | D        | Noticed a redback
   118 | D        | Found Ecour's Antique Weapon Emporium.
   118 | D        | Noticed a redback
   118 | D        | Noticed an oklob plant
   119 | D        | Found Nur Niyxo's Distillery.
   119 | D        | Found Pasiupn's Book Shoppe.
   125 | D        | Bought a potion of invisibility for 112 gold pieces
   132 | D        | Bought a fine rapier for 270 gold pieces
   132 | D        | Identified the +1 rapier of Due Proportion {drain, rCorr}
                  | (You bought it in a shop in the Dungeon)
   135 | D        | Noticed a slime creature
   136 | D        | Noticed a slime creature
   140 | D        | Noticed a slime creature
   160 | D        | Reached skill level 21 in Stealth
   166 | D        | Noticed a vampire mosquito
   168 | D        | Killed a vampire mosquito
   192 | D        | Found a snail-covered altar of Cheibriados.
   193 | D        | Found a shadowy altar of Dithmenos.
   193 | D        | Found a viscous altar of Jiyva.
   194 | D        | Found a white marble altar of Elyvilon.
   194 | D        | Found an ancient bone altar of Kikubaaqudgha.
   195 | D        | Found a blossoming altar of Fedhas.
   195 | D        | Found a corrupted altar of Lugonu.
   195 | D        | Found a shimmering blue altar of Sif Muna.
   196 | D        | Found an opulent altar of Gozag.
   196 | D        | Found a burning altar of Makhleb.
   196 | D        | Found a bloodstained altar of Trog.
   197 | D        | Found a sparkling altar of Nemelex Xobeh.
   197 | D        | Found a hide-covered altar of Uskayaw.
   200 | D        | Noticed a wyvern
   201 | D        | Noticed a wyvern
   201 | D        | Noticed a wyvern
   202 | D        | Killed a wyvern
   203 | D        | Reached skill level 5 in Fighting
   203 | D        | Reached XP level 8. HP: 36/43 MP: 9/9
   205 | D        | Reached skill level 22 in Stealth
   209 | D        | Noticed Menkaure
   211 | D        | Noticed a manticore
   212 | D        | Noticed a manticore
   212 | D        | Noticed a manticore
   233 | D        | Killed Menkaure
   326 | D        | Noticed a death drake
   330 | D        | Found an iron altar of Okawaru.
   330 | D        | Found a radiant altar of Vehumet.
   330 | D        | Found a glowing silver altar of Zin.
   331 | D        | Noticed a yaktaur
   331 | D        | Noticed a hornet
   331 | D        | Noticed a polar bear
   331 | D        | Noticed a polar bear
   334 | D        | Noticed a polar bear
   340 | D        | Succumbed to barbed spike wounds

Illustrated notes

Levels and vault maps discovered:
D:        the_violet_keep_of_menkaure [sprint2_stairs_cluster_1,
          sprint2_shoproom, sprint2_temple, sprint2_basic_supplies,
          sprint2_obstacle_1, sprint2_obstacle_2, sprint2_obstacle_5,
          sprint2_obstacle_6, sprint2_obstacle_4, sprint2_timed_cluster_1,
          sprint2_smallroom_cluster_1, sprint2_smallroom_final_cluster_1,
          sprint2_transparent_cluster_1, sprint2_second_timed_cluster_1,
          sprint2_sniper_area_1, sprint2_heavy_combat_area_1,
          sprint2_mutation_trap_area_1, sprint2_forest_area_1,
          sprint2_light_combat_area_1, sprint2_behind_water_1,
          sprint2_near_end_vault_1]

Skill      XL: |  1  2  3  4  5  6  7  8 |
---------------+-------------------------+-----
Fighting       | 2 3 4 5 |  5.4
Short Blades   | 3 4 6 8 |  8.8
Throwing       | 3 |  3.0
Stealth        | 11 13 15 17 20 21 22 | 22.7
Dodging        | 2 3 4 6 |  6.7

Action                     |  1- 3 |  4- 6 |  7- 9 || total
---------------------------+-------+-------+-------++-------
  Melee: Dagger            |     4 |    48 |     8 ||    60
         Punch             |       |     1 |       ||     1
         Rapier            |       |       |    12 ||    12
  Throw: Dart              |     2 |     2 |       ||     4
    Use: Potion            |       |       |     2 ||     2
   Stab: Sleeping          |       |     3 |     4 ||     7
 Armour: Robe              |     1 |     9 |     7 ||    17
  Dodge: Dodged            |     1 |    24 |    19 ||    44

Table legend: (Time is in decaauts)
 A = Elapsed time spent in this place.
 B = Non-inter-level travel time spent in this place.
 C = Inter-level travel time spent in this place.
 D = Time resting spent in this place.
 E = Time spent auto-exploring this place.
 F = Levels seen in this place.
 G = Mean time per level.
                   A        B        C        D        E       F      G
               +--------+--------+--------+--------+--------+-----+--------+
         Total |    284 |    284 |      0 |    102 |     18 |   1 |  284.0 |
       Dungeon |    284 |    284 |      0 |    102 |     18 |   1 |  284.0 |
               +--------+--------+--------+--------+--------+-----+--------+

Top non-repeatable levels by time:
       D: 284 daAuts
